 Dungeon Crawl Stone Soup version 0.32-a0-861-g165e151e72 (webtiles) character file.

Game seed: 6030373444954726152

503543 koorschki the Imperceptible (level 23, -4/192 HPs)
             Began as a Demonspawn Wanderer on Mar 28, 2024.
             Was an Initiate of Gozag.
             Slain by a green draconian monk (8 damage)
             ... led by a red draconian scorcher
             ... on level 1 of the Realm of Zot.
             The game lasted 01:46:38 (59356 turns).

koorschki the Imperceptible (Demonspawn Wanderer)  Turns: 59356, Time: 01:46:39

Health: -4/192     AC: 11    Str: 11    XL:     23   Next: 80%
Magic:  27/27      EV: 29    Int: 16    God:    Gozag
Gold:   7516       SH: 25    Dex: 27    Spells: 18/28 levels left

rFire   + . .        k - +10 rapier "Jucheom" {flame, rElec Dex+2}
rCold   + . .        O - +3 kite shield of the Bells {rN+ rCorr}
rNeg    + + .        P - +5 robe of Night {Dark Will+ SInv}
rPois   +            (helmet restricted)
rElec   +            (cloak unavailable)
rCorr   +            F - +2 pair of gloves {Stlth+}
SInv    +            E - +2 pair of boots {Stlth+}
Will    +++..        y - amulet of Reimbursement {Faith rPois rN+ Dex+3 Stlth+} Stlth **++++++++
                     s - ring of flight
HPRegen 1.32/turn    Q - +4 ring of protection
MPRegen 0.20/turn

%: faith
@: corroded, gold aura, flying, studying 2 skills
A: large bone plates 3, ignite blood 3, spiny 2, torment resistance 1, demonic
willpower, weakness stinger 3, horns 1, cold resistance 1, fire resistance 1,
regeneration 1, noise suppression
}: 3/15 runes: decaying, silver, gossamer
a: Renounce Religion, Potion Petition, Call Merchant, Bribe Branch


You were on level 1 of the Realm of Zot.
You worshipped Gozag.
Gozag was greatly pleased with you.
You visited 9 branches of the dungeon, and saw 43 of its levels.
You visited the Abyss 1 time.
You also visited: Ice Cave.

You collected 22766 gold pieces.
You spent 7309 gold pieces at shops.
You paid 7941 gold pieces to Gozag.

Inventory:

Hand Weapons
 k - the +10 rapier "Jucheom" (weapon) {flame, rElec Dex+2}
   (You found it on level 2 of the Lair of Beasts)

   Dex+2:     It affects your dexterity (+2).
   rElec:     It insulates you from electricity.
 A - a +6 dagger of electrocution
Missiles
 f - 15 curare-tipped darts (quivered)
 w - 4 throwing nets
 J - 4 datura-tipped darts
 U - 19 atropa-tipped darts
Armour
 E - a +2 pair of boots of stealth (worn)
 F - a +2 pair of gloves of stealth (worn)
 O - the +3 kite shield of the Bells (worn) {rN+ rCorr}
   (You took it off Donald on level 1 of the Spider Nest)

   rN+:       It protects you from negative energy.
   rCorr:     It protects you from acid and corrosion.
 P - the +5 robe of Night (worn) {Dark Will+ SInv}
   (You bought it in a shop on level 1 of the Lair of Beasts)

   Dark:      It shrouds the wearer in darkness, reducing the range at which
   they can see and be seen by others.
   Will+:     It increases your willpower.
   SInv:      It lets you see invisible.
Jewellery
 m - a ring of protection from cold
 o - a ring of protection from fire
 r - the amulet "Maupos" {Acrobat rN+ Regen+ rCorr}
   (You found it on level 2 of the Depths)

   [amulet of the acrobat]

   Acrobat:   It increases your evasion while moving and waiting.
   rN+:       It protects you from negative energy.
   Regen+:    It increases your rate of health regeneration.
   rCorr:     It protects you from acid and corrosion.
 s - a ring of flight (left hand)
 t - the ring of Quejen {Ice rPois Will++ Str-3 Dex+3}
   (You took it off Josephina on level 3 of the Depths)

   [ring of ice]

   Ice:       It enhances your ice magic.
   Str-3:     It affects your strength (-3).
   Dex+3:     It affects your dexterity (+3).
   rF-:       It makes you vulnerable to fire.
   rC+:       It protects you from cold.
   rPois:     It protects you from poison.
   Will++:    It greatly increases your willpower.
 y - the amulet of Reimbursement (around neck) {Faith rPois rN+ Dex+3 Stlth+}
   (You bought it in a shop on level 2 of the Orcish Mines)

   [amulet of faith]

   Faith:     It allows you to gain divine favour quickly.
   Dex+3:     It affects your dexterity (+3).
   rPois:     It protects you from poison.
   rN+:       It protects you from negative energy.
   Stlth+:    It makes you more stealthy.
 Q - a +4 ring of protection (right hand)
Talismans
 d - a granite talisman
 i - a talisman of death
Wands
 b - a wand of digging (19)
 c - a wand of mindburst (18)
 q - a wand of iceblast (51)
 v - a wand of acid (29)
 B - a wand of polymorph (36)
Scrolls
 a - a scroll of blinking
 n - 29 scrolls of teleportation
 C - a scroll of silence
 G - 3 scrolls of vulnerability
 H - 3 scrolls of enchant weapon
 I - 5 scrolls of brand weapon
 N - 7 scrolls of fear
 R - 6 scrolls of immolation
 W - 3 scrolls of summoning
 X - a scroll of torment
 Z - 7 scrolls of fog
Potions
 g - 6 potions of ambrosia
 j - 2 potions of berserk rage
 p - 5 potions of might
 u - 16 potions of curing
 x - 4 potions of cancellation
 z - 13 potions of enlightenment
 D - 10 potions of lignification
 K - 3 potions of resistance
 L - 3 potions of haste
 M - 7 potions of brilliance
 T - 3 potions of mutation
 V - 5 potions of attraction
 Y - a potion of heal wounds
Miscellaneous
 e - a lightning rod (4/4)
 h - a phantom mirror
 l - a sack of spiders
 S - a condenser vane


   Skills:
 - Level 18.6 Fighting
 - Level 15.4 Short Blades
 - Level 3.0 Throwing
 - Level 1.0 Armour
 - Level 19.0 Dodging
 - Level 23.3 Stealth
 - Level 10.0 Shields
 - Level 3.0 Spellcasting
 - Level 1.2 Conjurations
 - Level 2.0 Hexes
 - Level 2.0 Translocations
 - Level 1.6 Fire Magic
 - Level 7.3 Evocations
 + Level 13.4 Shapeshifting


You had 18 spell levels left.
You knew the following spells:

 Your Spells              Type           Power      Damage    Failure   Level
a - Foxfire               Conj/Fire      24%        2x1d5     28%         1
b - Lesser Beckoning      Tloc           16%        N/A       32%         2
c - Teleport Other        Tloc           8%         N/A       54%         3
d - Cause Fear            Hex            4%         N/A       91%         4

Your spell library contained the following spells:

 Spells                   Type           Power      Damage    Failure   Level
 Apportation              Tloc           16%        N/A       22%         1
 Jinxbite                 Hex            16%        N/A       32%         2
 Freeze                   Ice            8%         1d3       45%         1
 Call Imp                 Summ           4%         N/A       58%         2
 Cigotuvi's Dreadful Rot  Necr/Alch/Air  4%         N/A       58%         2
 Mercury Vapours          Alch/Air       4%         N/A       58%         2
 Sublimation of Blood     Necr           2%         N/A       58%         2
 Inner Flame              Hex/Fire       8%         N/A       58%         3
 Volatile Blastmotes      Fire/Tloc      16%        2d11      58%         3
 Dazzling Flash           Conj/Hex       14%        N/A       61%         3
 Hailstorm                Conj/Ice       4%         3d5       75%         3
 Mephitic Cloud           Conj/Alch/Air  3%         N/A       78%         3
 Frozen Ramparts          Ice            4%         1d1       83%         3
 Ozocubu's Armour         Ice            2%         N/A       83%         3
 Vampiric Draining        Necr           2%         2d6       83%         3
 Dimensional Bullseye     Hex/Tloc       4%         N/A       91%         4
 Maxwell's Portable Pile  Tloc           8%         2d(6-12)  91%         4
 Iskenderun's Mystic Bla Conj/Tloc 7%             2d4        (+2d1     95%         4
 Anguish                  Hex/Necr       2%         N/A       97%         4
 Fulminant Prism          Conj/Alch      2%         3d5       98%         4
 Ignite Poison            Fire/Alch      5%         N/A       98%         4
 Sticky Flame             Fire/Alch      5%         2d4       98%         4
 Animate Armour           Summ/Erth      4%         N/A       99%         4
 Dispel Undead            Necr           2%         3d7       99%         4
 Leda's Liquefaction      Alch/Erth      1%         N/A       99%         4
 Martyr's Knell           Necr/Summ      2%         N/A       99%         4
 Petrify                  Alch/Erth      2%         N/A       99%         4
 Summon Lightning Spire   Summ/Air       2%         N/A       99%         4
 Alistair's Intoxication  Alch           1%         N/A       100%        5
 Arcjolt                  Conj/Air       2%         1d12      100%        5
 Curse of Agony           Necr           2%         N/A       100%        5
 Irradiate                Conj/Alch      2%         3d12      100%        5
 Lee's Rapid Deconstruct  Erth           1%         3d4*      100%        5
 Metabolic Englaciation   Hex/Ice        2%         N/A       100%        5
 Silence                  Hex/Air        2%         N/A       100%        5
 Conjure Ball Lightning   Conj/Air       2%         3x3d6     100%        6
 Dispersal                Tloc           4%         N/A       100%        6
 Gell's Gavotte           Tloc           4%         2d(13-19) 100%        6
 Plasma Beam              Fire/Air       2%         2x1d12    100%        6
 Starburst                Conj/Fire      3%         6d3       100%        6
 Enfeeble                 Hex            4%         N/A       100%        7
 Haunt                    Necr/Summ      1%         N/A       100%        7
 Summon Hydra             Summ           1%         N/A       100%        7
 Borgnjor's Revivificati  Necr           1%         N/A       100%        8
 Ignition                 Fire           3%         3d4       100%        8
 Maxwell's Capacitive Co  Air            1%         ∞         100%        8
 Chain Lightning          Conj/Air       2%         3d2       100%        9
 Death's Door             Necr           1%         N/A       100%        9
 Fire Storm               Conj/Fire      3%         8d1       100%        9
 Shatter                  Erth           1%         3d5*      100%        9
 Animate Dead             Necr           Unusable   N/A       N/A         4

Dungeon Overview and Level Annotations

Branches:
Dungeon (15/15)            Temple (0/1) D:4            Lair (5/5) D:10
  Swamp (4/4) Lair:3       Spider (4/4) Lair:3        Slime (0/5) Lair:4
    Orc (2/2) D:12            Elf (3/3) Orc:2        Vaults (5/5) D:13
  Crypt (0/3) Vaults:3     Depths (4/4) D:15            Zot (1/5) Depths:4
  IceCv (visited)

Altars:
Dithmenos
Fedhas
Gozag
Kikubaaqudgha
Makhleb
Nemelex Xobeh
Okawaru
Qazlal
Ru
Sif Muna
Trog
Vehumet
Wu Jian
Beogh

Shops:
D:1 !   D:3 =   D:5 [   D:10 [   D:14 *   Orc:2 ((=[*   Elf:3 :   Lair:1 *
Vaults:1 :[   Vaults:2 ((?   Vaults:4 :   Vaults:5 (??!   Depths:1 :
Depths:4 (:

Portals:
Hell: Depths:1 Depths:2 Depths:3 Depths:4
Abyss: Depths:2 Depths:3
Pandemonium: Depths:2 Depths:4
Ziggurat: Depths:2

Annotations:
D:10 2 transporters, mertasd123's ghost, journeyman GnSu
Swamp:2 1 runed translucent door, Ajdolov's ghost, adept VSMo
Elf:2 3 runed translucent doors, Aizul
Depths:4 2 transporters, Echeifod's ghost, adept DECj


Innate Abilities, Weirdness & Mutations

You are completely covered in large bone plates. (SH +8)
Your demonic aura causes all spilled blood to erupt in flames.
You are mostly covered in sharp spines.
You are resistant to unholy torment.
You punish those that try to bend your will. (Will+)
You have a sharp stinger which inflicts weakening toxins.
You have a pair of small horns on your head.
Your flesh is cold resistant. (rC+)
Your flesh is heat resistant. (rF+)
Your natural rate of healing is unusually fast.
You passively dampen the noise of your surroundings.


Message History

The green draconian dies!
The tentacled monstrosity is engulfed in blazing flames.
Blink to where?
Press: ? - help, Dir - move target
As you read the scroll of blinking, it crumbles to dust.
The moth of wrath goads the tentacled monstrosity on!
The tentacled monstrosity goes berserk!
The yellow draconian annihilator spits acid at you.
The splash of acid hits you! You resist.
* * * LOW HITPOINT WARNING * * *
You block the green draconian's attack. x2
The tentacled monstrosity is engulfed in blazing flames.
The green draconian monk completely misses you.
The green draconian monk kicks you!
* * * LOW HITPOINT WARNING * * *
You block the green draconian monk's attack.
The green draconian monk tail-slaps you but does no damage.
Unknown command.
Unknown command.
The tentacled monstrosity is no longer weakened.
The tentacled monstrosity is engulfed in blazing flames.
You block the tentacled monstrosity's attack.
The tentacled monstrosity tentacle-slaps you!!
* * * LOW HITPOINT WARNING * * *
You block the tentacled monstrosity's attack.
The green draconian is engulfed in blazing flames.
You block the green draconian's attack. The green draconian tail-slaps you!
* * * LOW HITPOINT WARNING * * *
The moth of wrath goads the green draconian monk on!
The green draconian monk goes berserk!
The moth of wrath goads the green draconian on!
The green draconian goes berserk!
The green draconian misses you. The green draconian closely misses you.
The green draconian monk is engulfed in blazing flames.
The green draconian monk completely misses you.
The green draconian monk kicks you.
* * * LOW HITPOINT WARNING * * *
The green draconian monk tail-slaps you!
You die...
Your body crumbles into a pile of gold.

# #..$...#....#.....####
........$..○○..#...#...#
........##...°...#.#...##
.......!......#...#...#.#
.........#...#...#.#....#
.......#.#...#...#..^##
......#...#.....#.#.#
##...#.#.....#...#..#
..##.yd@q..##..#.^.# .
#...dX#.#...##..^#
....#.qq#........##
...#...#.#.......#
.#...#.§.########
#...#.....# .#........#
.#.......# .######.#


You could see a tentacled monstrosity (berserk), a green draconian monk
(berserk), 2 draconians, a yellow draconian annihilator, a red draconian
scorcher and a moth of wrath.

Vanquished Creatures
  An ancient lich (Vaults:4)
  Mennas (Vaults:3)
  Xtahua (Vaults:3)
  Josephina (Depths:3)
  Bai Suzhen (Vaults:5)
  4 caustic shrikes (Depths:4)
  the Enchantress (Depths:3)
  2 golden dragons
  Norris (Vaults:3)
  4 tentacled monstrosities
  Mlioglotl (Spider:2)
  A walking earthen tome (Depths:3)
  5 titans
  A quicksilver dragon (Vaults:5)
  5 liches
  A deep elf master archer (Elf:3)
  4 sphinxes
  4 deep elf blademasters
  2 thorn hunters
  Donald (Spider:1)
  4 shadow dragons
  7 storm dragons
  A death cob (Zot:1)
  8 tengu reavers
  9 frost giants
  6 fire giants
  7 deep elf sorcerers (Elf:3)
  2 iron dragons (Depths:3)
  22 vault wardens
  8 emperor scorpions
  5 ghost moths (Spider:4)
  A draconian shifter (Depths:4)
  2 draconian stormcallers
  6 deep elf elementalists
  27 ironbound preservers
  A reaper (IceCv)
  3 orc warlords
  3 formless jellyfish
  A draconian annihilator (Zot:1)
  8 spriggan defenders (Depths:3)
  12 very ugly things
  13 ironbound thunderhulks
  10 stone giants
  The ghost of tajemnic the Severer, a journeyman MDAr of the Shining One (Orc:1)
  3 deep elf demonologists
  3 vampire knights
  2 green draconians
  2 black draconians
  A white draconian (Depths:4)
  A lorocyproca (Depths:4)
  A purple draconian (Zot:1)
  5 deep elf death magi
  2 eleionomae
  A yellow draconian (Depths:4)
  The ghost of flinch the Marksgoblin, a journeyman CoHu of the Shining One (Orc:2)
  A war gargoyle (Vaults:5)
  7 deep elf annihilators
  An eidolon (Vaults:3)
  2 bunyips
  12 spark wasps
  25 dire elephants
  9 ettins
  2 blizzard demons (Depths:3)
  4 crystal guardians
  3 shambling mangroves
  15 yaktaur captains
  4 entropy weavers
  6 fire dragons
  8 deep elf high priests
  3 great orbs of eyes
  3 rakshasas
  17 hydras
  A caustic shrike simulacrum (Depths:3)
  3 ogre magi
  41 vault guards
  9 ice dragons
  A catoblepas (Lair:5)
  3 ghost crabs
  3 spriggan air magi (Depths:3)
  3 boulder beetles
  3 peacekeepers
  5 alligators
  10 centaur warriors
  10 ironbound frosthearts
  2 radroaches
  14 dancing weapons
  16 two-headed ogres
  4 vampire magi
  2 tengu warriors
  3 hell hogs (Depths:2)
  2 deep troll shamans (Depths:3)
  9 deep troll earth magi
  2 thrashing horrors (Abyss:3)
  11 spriggan berserkers
  5 orc high priests
  2 occultists (Depths:2)
  4 demonic crawlers
  2 shock serpents (Depths:3)
  A soul eater (Depths:4)
  4 hell knights
  19 deep elf knights
  A shadow wraith (Vaults:4)
  3 iron trolls
  2 skeletal warriors (Vaults:3)
  3 pharaoh ants
  2 flayed ghosts (Vaults:4)
  4 goliath frogs
  A spriggan druid (Swamp:3)
  2 sun moths
  6 skysharks
  A death drake (shapeshifter) (Vaults:5)
  A glowing orange brain (Depths:4)
  63 deep trolls
  9 orb spiders
  A death drake (Swamp:4)
  7 steelbarb worms
  2 bog bodies
  14 deep elf archers
  4 phantasmal warriors
  9 swamp dragons
  10 arcanists
  2 large abominations (Abyss:3)
  20 lindwurms
  26 ironbound convokers
  Pikel (D:8)
  6 harpies (Vaults:2)
  A sphinx simulacrum (Depths:3)
  3 necromancers
  17 wolf spiders
  A faun (shapeshifter) (Vaults:5)
  2 oklob plants
  9 orc knights
  7 thermic dynamos
  16 deep elf pyromancers
  25 deep elf zephyrmancers
  4 orc sorcerers
  6 will-o-the-wisps
  A worldbinder (Abyss:3)
  18 ugly things
  A cyclops (D:15)
  7 moths of wrath
  9 elephants
  24 vault sentinels
  A guardian serpent (Lair:5)
  3 kobold blastminers (Orc:2)
  2 ice statues (IceCv)
  11 black mambas
  14 cane toads
  A rust devil (Depths:4)
  8 torpor snails
  A smoke demon (Abyss:3)
  4 gargoyles
  6 rime drakes
  5 unseen horrors
  2 freezing wraiths
  39 yaktaurs
  An unseen horror (shapeshifter) (Depths:4)
  7 komodo dragons
  An anaconda simulacrum (IceCv)
  8 tengu conjurers
  3 hydra zombies (Swamp:4)
  6 ice devils (IceCv)
  A golden dragon simulacrum (Depths:3)
  A polar bear (Lair:5)
  12 tyrant leeches
  11 trolls
  2 tengu simulacra (Depths:3)
  37 hornets
  A glass eye (Depths:1)
  20 tarantellas
  5 dream sheep (Lair:5)
  5 blink frogs
  A snapping turtle (shapeshifter) (Depths:3)
  4 spectral orcs (Orc:1)
  23 slime creatures
  21 jumping spiders
  23 spriggans
  20 culicivoras
  2 water elementals
  2 spriggans (shapeshifter) (D:14)
  An air elemental (Orc:2)
  4 dire elephant simulacra (IceCv)
  A centaur simulacrum (D:14)
  A small abomination (Abyss:3)
  3 fire elementals
  2 ynoxinuls
  45 yaks
  18 wyverns
  4 wraiths
  5 basilisks
  54 redbacks
  12 vampire mosquitoes
  3 wargs
  2 chaos spawn (Abyss:3)
  2 harpy simulacra (IceCv)
  17 swamp worms
  An acid dragon (D:10)
  3 hydra simulacra (IceCv)
  18 water moccasins
  30 orc warriors
  A swamp drake (shapeshifter) (Abyss:3)
  A sky beast (D:6)
  2 black bears
  3 laughing skulls
  10 swamp drakes
  5 ice beasts
  3 ettin simulacra (Depths:2)
  5 ogres
  5 centaurs
  18 wolves
  An orc simulacrum (Orc:1)
  A phantom (D:5)
  9 bullfrogs
  A spectral warg (Orc:1)
  2 scorpions (D:5)
  A gnoll sergeant (D:6)
  4 earth elementals (Elf:1)
  10 killer bees
  An elephant simulacrum (IceCv)
  3 electric eels
  2 bombardier beetles
  A gnoll bouda (D:7)
  A kobold simulacrum (Orc:1)
  2 hounds (D:6)
  2 jellies
  26 orc priests
  A sleepcap (D:6)
  5 iguanas
  Natasha (thrice) (D:4)
  19 orc wizards
  A troll simulacrum (IceCv)
  A wolf simulacrum (IceCv)
  6 adders
  5 gnolls (D:6)
  A shadow imp (D:8)
  2 white imps (D:8)
  An ufetubus (IceCv)
  3 ribbon worms
  67 orcs
  5 endoplasms
  A giant cockroach (D:3)
  11 goblins
  3 hobgoblins
  2 jackals (D:1)
  2 quokkas (D:5)
  8 ball pythons
  2 bats
  3 frilled lizards
  9 kobolds
  5 rats
1724 creatures vanquished.

Vanquished Creatures (others)
  A green draconian (Zot:1)
  A yellow draconian (Zot:1)
  A deep elf knight (Depths:3)
  A deep troll (Vaults:1)
  A deep elf zephyrmancer (Elf:2)
  A bloated husk (Swamp:3)
  An orc wizard (Orc:2)
  2 orcs (Elf:3)
  59 foxfires
  A lurking horror (Abyss:3)
69 creatures vanquished.

Grand Total: 1793 creatures vanquished

Notes
Turn   | Place    | Note
-------+----------+-------------------------------------------
     0 | D:1      | koorschki the Demonspawn Wanderer began the quest for the
                  | Orb.
     0 | D:1      | koorschki set off with the following items: a +0 dagger, a
                  | +0 helmet, a potion of heal wounds, a +0 robe, a +2
                  | buckler; and the following spell memorised: Foxfire; and
                  | the following spells available to memorise: Inner Flame.
     0 | D:1      | Reached XP level 1. HP: 13/13 MP: 3/3
    50 | D:1      | Found a faded altar of an unknown god.
    59 | D:1      | Prayed at the altar of an unknown god.
    59 | D:1      | Became a worshipper of Gozag Ym Sagoz the Greedy
   329 | D:1      | Gained mutation: You have a small tail. [demonic ancestry]
   329 | D:1      | Reached XP level 2. HP: 19/19 MP: 5/5
   558 | D:1      | Found Jyqooha's Distillery.
  1282 | D:2      | Gained mutation: Your demonic aura sometimes causes spilled
                  | blood to erupt in flames. [demonic ancestry]
  1282 | D:2      | Reached XP level 3. HP: 24/24 MP: 6/6
  1385 | D:2      | Reached skill level 1 in Short Blades
  1723 | D:3      | Found Qaivvis's Jewellery Boutique.
  1730 | D:3      | Found a shadowy altar of Dithmenos.
  2060 | D:3      | Gained mutation: You are partially covered in sharp spines.
                  | [demonic ancestry]
  2060 | D:3      | Reached XP level 4. HP: 31/31 MP: 2/7
  2163 | D:3      | Found a sacrificial altar of Ru.
  2379 | D:3      | Identified the +4 whip of Taonotad {freeze, Will- Int+7}
  3163 | D:4      | Found an ornate altar of the Wu Jian Council.
  3320 | D:4      | Reached skill level 1 in Fighting
  3320 | D:4      | Reached skill level 1 in Conjurations
  3320 | D:4      | Gained mutation: You are partially covered in large bone
                  | plates. (SH +4) [demonic ancestry]
  3320 | D:4      | Reached XP level 5. HP: 3/37 MP: 8/8
  3571 | D:4      | Found a staircase to the Ecumenical Temple.
  3580 | D:4      | Noticed Natasha
  3589 | D:4      | Killed Natasha
  4351 | D:4      | Noticed Natasha
  5014 | D:4      | Killed Natasha
  5366 | D:4      | Noticed Natasha
  5378 | D:4      | Killed Natasha
  5379 | D:4      | Reached skill level 1 in Stealth
  5420 | D:5      | Entered Level 5 of the Dungeon
  5441 | D:5      | Reached XP level 6. HP: 44/44 MP: 9/9
  5447 | D:5      | Noticed an ice beast
  5462 | D:5      | Killed an ice beast
  5536 | D:5      | Reached skill level 5 in Shields
  5613 | D:5      | Reached XP level 7. HP: 50/50 MP: 10/10
  5775 | D:5      | Reached skill level 2 in Stealth
  5904 | D:5      | Found Wutsex Waul's Antique Armour Shop.
  5911 | D:5      | Bought a pair of embroidered gloves for 247 gold pieces
  6055 | D:6      | Identified the amulet of Tiuhakom {Spirit Will+ rCorr}
  6186 | D:6      | Gained mutation: You are mostly covered in large bone
                  | plates. (SH +6) [demonic ancestry]
  6186 | D:6      | Reached XP level 8. HP: 49/58 MP: 11/11
  6335 | D:6      | Reached skill level 5 in Short Blades
  6524 | D:6      | Reached skill level 3 in Stealth
  6582 | D:6      | Found a sparkling altar of Nemelex Xobeh.
  6836 | D:6      | Found a burning altar of Makhleb.
  6987 | D:7      | Found a blossoming altar of Fedhas.
  7008 | D:7      | Reached XP level 9. HP: 66/66 MP: 12/12
  7241 | D:7      | Found an ancient bone altar of Kikubaaqudgha.
  7491 | D:8      | Noticed Pikel
  7520 | D:8      | Killed Pikel
  7521 | D:8      | Reached skill level 5 in Fighting
  7521 | D:8      | Reached skill level 4 in Stealth
  7642 | D:8      | Found a shimmering blue altar of Sif Muna.
  7651 | D:8      | Got Sif Muna's Precepts of Illusion
  7656 | D:8      | Found a bloodstained altar of Trog.
  7656 | D:8      | Noticed a troll
  7659 | D:8      | Killed a troll
  7660 | D:8      | Reached skill level 5 in Dodging
  8037 | D:8      | Found an iron altar of Okawaru.
  8365 | D:9      | Reached skill level 5 in Stealth
  8487 | D:9      | Noticed a two-headed ogre
  8506 | D:9      | Killed a two-headed ogre
  8507 | D:9      | Reached XP level 10. HP: 38/76 MP: 5/13
  9337 | D:10     | Entered Level 10 of the Dungeon
  9724 | D:10     | Noticed a two-headed ogre
  9727 | D:10     | Killed a two-headed ogre
  9742 | D:10     | Found a transporter.
  9749 | D:10     | Found a transporter.
  9756 | D:10     | Noticed mertasd123's ghost (journeyman GnSu)
  9756 | D:10     | Noticed a moth of wrath
  9829 | D:10     | Noticed a two-headed ogre
  9849 | D:10     | Killed a two-headed ogre
  9850 | D:10     | Reached skill level 6 in Stealth
  9941 | D:10     | Reached XP level 11. HP: 84/85 MP: 14/14
 10053 | D:10     | Found a stormy altar of Qazlal.
 10166 | D:10     | Found Ecsiykus's Antique Armour Emporium.
 10322 | D:10     | Found a staircase to the Lair.
 10760 | D:11     | Noticed a deep elf pyromancer
 10773 | D:11     | Killed a deep elf pyromancer
 10863 | Lair:1   | Entered Level 1 of the Lair of Beasts
 10913 | Lair:1   | Reached skill level 10 in Short Blades
 10929 | Lair:1   | Reached skill level 1 in Throwing
 11107 | Lair:1   | Bought a scroll of enchant weapon for 225 gold pieces
 11107 | Lair:1   | Bought a scroll of identify for 60 gold pieces
 11767 | Lair:2   | Identified the +10 rapier "Jucheom" {flame, rElec Dex+2}
 11885 | Lair:2   | Reached skill level 7 in Stealth
 11980 | Lair:2   | Noticed a four-headed hydra
 11995 | Lair:2   | Killed a four-headed hydra
 12483 | Lair:2   | Noticed an oklob plant
 12485 | Lair:2   | Killed an oklob plant
 12872 | Lair:3   | Noticed a skyshark
 12884 | Lair:2   | Killed a skyshark
 12921 | Lair:3   | Gained mutation: Your demonic aura often causes spilled
                  | blood to erupt in flames. [demonic ancestry]
 12921 | Lair:3   | Reached XP level 12. HP: 96/96 MP: 15/15
 12979 | Lair:3   | Found a hole to the Spider Nest.
 12991 | Lair:3   | Reached skill level 8 in Stealth
 13604 | Lair:3   | Reached skill level 10 in Fighting
 13832 | Lair:3   | Reached skill level 9 in Stealth
 14202 | Lair:3   | Found a staircase to the Swamp.
 14202 | Lair:3   | Noticed a ghost crab
 14202 | Lair:3   | Noticed a ghost crab
 14589 | Lair:1   | Bought the +5 robe of Night {Dark Will+ SInv} for 1800 gold
                  | pieces
 14589 | Lair:1   | Found the +5 robe of Night {Dark Will+ SInv}
 14751 | Lair:4   | Found a staircase to the Slime Pits.
 14884 | Lair:4   | Noticed a seven-headed hydra
 14899 | Lair:4   | Killed a seven-headed hydra
 15671 | Lair:5   | Entered Level 5 of the Lair of Beasts
 15911 | Lair:5   | Gained mutation: You are completely covered in large bone
                  | plates. (SH +8) [demonic ancestry]
 15911 | Lair:5   | Reached XP level 13. HP: 90/106 MP: 16/16
 16175 | Lair:5   | Reached skill level 10 in Dodging
 16182 | Lair:5   | Reached skill level 10 in Stealth
 18203 | Lair:5   | Reached skill level 11 in Stealth
 18239 | Lair:5   | Gained mutation: You have a tail ending in a sharp stinger.
                  | [demonic ancestry]
 18239 | Lair:5   | Reached XP level 14. HP: 84/116 MP: 12/17
 19869 | D:12     | Found a frozen archway.
 19876 | IceCv    | Entered an ice cave
 19977 | IceCv    | Gained mutation: Your spells are a little harder to cast,
                  | but a little more powerful. [potion of mutation]
 19977 | IceCv    | Gained mutation: Armour fits poorly on your strangely
                  | shaped body. [potion of mutation]
 19977 | IceCv    | Gained mutation: Your flesh is heat resistant. (rF+)
                  | [potion of mutation]
 19978 | IceCv    | Lost mutation: Your flesh is heat resistant. (rF+) [potion
                  | of mutation]
 19978 | IceCv    | Lost mutation: Your spells are a little harder to cast, but
                  | a little more powerful. [potion of mutation]
 19978 | IceCv    | Gained mutation: Your muscles are strong. (Str +4, Int/Dex
                  | -1) [potion of mutation]
 19978 | IceCv    | Gained mutation: Your natural rate of healing is unusually
                  | fast. [potion of mutation]
 19978 | IceCv    | Gained mutation: You occasionally lose the ability to read
                  | scrolls when taking damage. [potion of mutation]
 19979 | IceCv    | Lost mutation: Armour fits poorly on your strangely shaped
                  | body. [potion of mutation]
 19979 | IceCv    | Lost mutation: Your muscles are strong. (Str +4, Int/Dex
                  | -1) [potion of mutation]
 19979 | IceCv    | Gained mutation: Your health recovers twice as slowly from
                  | being drained. [potion of mutation]
 19979 | IceCv    | Gained mutation: You have a pair of small horns on your
                  | head. [potion of mutation]
 20678 | IceCv    | Noticed a reaper
 20686 | IceCv    | Killed a reaper
 21321 | D:12     | Found a staircase to the Orcish Mines.
 21426 | D:12     | Reached skill level 12 in Stealth
 22278 | D:12     | You fall into a shaft and drop 1 floor!
 23114 | D:13     | Found a gate to the Vaults.
 23452 | Orc:1    | Entered Level 1 of the Orcish Mines
 23566 | Orc:1    | Reached skill level 13 in Stealth
 23599 | Orc:1    | Found a radiant altar of Vehumet.
 24048 | Orc:1    | Found a roughly hewn altar of Beogh.
 24118 | Orc:1    | Found a runed translucent gate.
 24119 | Orc:1    | Found a runed translucent gate.
 24120 | Orc:1    | Found a runed translucent gate.
 24333 | Orc:1    | Noticed tajemnic's ghost (journeyman MDAr)
 24393 | Orc:1    | Killed tajemnic's ghost
 24495 | Orc:1    | Lost mutation: Your health recovers twice as slowly from
                  | being drained. [potion of mutation]
 24495 | Orc:1    | Lost mutation: You occasionally lose the ability to read
                  | scrolls when taking damage. [potion of mutation]
 24495 | Orc:1    | Gained mutation: You have hidden genetic potential. [potion
                  | of mutation]
 24495 | Orc:1    | Gained mutation: Your flesh is cold resistant. (rC+)
                  | [potion of mutation]
 24538 | Orc:2    | Entered Level 2 of the Orcish Mines
 24697 | Orc:2    | Found a staircase to the Elven Halls.
 24800 | Orc:2    | Gained mutation: Your demonic aura causes all spilled blood
                  | to erupt in flames. [demonic ancestry]
 24800 | Orc:2    | Reached XP level 15. HP: 124/124 MP: 18/18
 25070 | Orc:2    | Bought a shimmering falchion for 264 gold pieces
 25070 | Orc:2    | Identified the +6 falchion "Qocomn" {freeze, *Noise rPois
                  | Int+5} (You bought it in a shop on level 2 of the Orcish
                  | Mines)
 25096 | Orc:2    | Found a roughly hewn altar of Beogh.
 25168 | Orc:2    | Found Novvimnus's Antique Weapon Shop.
 25174 | Orc:2    | Bought an encrusted short sword for 272 gold pieces
 25174 | Orc:2    | Identified the +5 short sword "Hydra's Demise" {holy, rN+
                  | Dex+2} (You bought it in a shop on level 2 of the Orcish
                  | Mines)
 25423 | Orc:2    | Found Mamewk's Jewellery Shop.
 25433 | Orc:2    | Bought the amulet of Reimbursement {Faith rPois rN+ Dex+3
                  | Stlth+} for 838 gold pieces
 25453 | Orc:2    | Found Ilurgh's General Store.
 25459 | Orc:2    | Bought a potion of heal wounds for 75 gold pieces
 25459 | Orc:2    | Bought a scroll of teleportation for 45 gold pieces
 25475 | Orc:2    | Found Fuj Tuv's Antique Armour Shop.
 25481 | Orc:2    | Bought a pair of glowing gloves for 202 gold pieces
 25481 | Orc:2    | Bought a glowing leather armour for 135 gold pieces
 25512 | Orc:2    | Found a runed translucent gate.
 25512 | Orc:2    | Found a runed translucent gate.
 25512 | Orc:2    | Found a runed translucent gate.
 25548 | Orc:2    | Noticed flinch's ghost (journeyman CoHu)
 25558 | Orc:2    | Killed flinch's ghost
 25918 | D:14     | Found a blossoming altar of Fedhas.
 25966 | D:14     | Found Xetwiumo's CLEARANCE SALE!.
 26044 | D:14     | Bought a scroll of enchant armour for 22 gold pieces
 26044 | D:14     | Bought a potion of heal wounds for 15 gold pieces
 26306 | D:15     | Entered Level 15 of the Dungeon
 27068 | D:15     | Found a staircase to the Depths.
 27533 | Elf:1    | Entered Level 1 of the Elven Halls
 27537 | Elf:1    | Paralysed by an air elemental for 1 turns
 27909 | Lair:3   | Gained mutation: Your flesh is heat resistant. (rF+)
                  | [hidden potential]
 27915 | Swamp:1  | Entered Level 1 of the Swamp
 28730 | Swamp:2  | Reached skill level 5 in Evocations
 28862 | Swamp:2  | Gained mutation: You are mostly covered in sharp spines.
                  | [demonic ancestry]
 28862 | Swamp:2  | Reached XP level 16. HP: 133/133 MP: 19/19
 29102 | Swamp:2  | Found a runed translucent door.
 29219 | Swamp:2  | Noticed a thorn hunter
 29221 | Swamp:2  | Noticed Ajdolov's ghost (adept VSMo)
 29283 | Swamp:3  | Reached skill level 14 in Stealth
 29469 | Swamp:3  | Noticed a thorn hunter
 29491 | Swamp:3  | Killed a thorn hunter
 30081 | Swamp:4  | Entered Level 4 of the Swamp
 30084 | Swamp:4  | Noticed a thorn hunter
 30097 | Swamp:4  | Killed a thorn hunter
 30328 | Swamp:4  | Reached skill level 10 in Shields
 30779 | Swamp:4  | Gained mutation: You passively dampen the noise of your
                  | surroundings. [hidden potential]
 30779 | Swamp:4  | Lost mutation: You have hidden genetic potential. [hidden
                  | potential expressed]
 30809 | Swamp:4  | Got a decaying rune of Zot
 31071 | Swamp:4  | Got Khufu's Volume of Reanimation Made Easy
 31380 | Spider:1 | Entered Level 1 of the Spider Nest
 31982 | Spider:1 | Identified the +3 kite shield of the Bells {rN+ rCorr}
 31982 | Spider:1 | Noticed Donald
 31988 | Spider:1 | Killed Donald
 32565 | Spider:1 | Learned a level 2 spell: Lesser Beckoning
 32569 | Spider:1 | Learned a level 3 spell: Teleport Other
 32574 | Spider:1 | Learned a level 4 spell: Cause Fear
 32866 | Spider:2 | Noticed Mlioglotl
 32870 | Spider:2 | Killed Mlioglotl
 32871 | Spider:2 | Gained mutation: You have a sharp stinger which inflicts
                  | weakening toxins. [demonic ancestry]
 32871 | Spider:2 | Reached XP level 17. HP: 140/140 MP: 21/21
 32992 | Spider:2 | Reached skill level 1 in Hexes
 32992 | Spider:2 | Reached skill level 1 in Translocations
 33275 | Spider:3 | Reached skill level 15 in Stealth
 34041 | Spider:4 | Entered Level 4 of the Spider Nest
 35469 | Spider:4 | Got a gossamer rune of Zot
 36245 | Elf:1    | Reached skill level 16 in Stealth
 36674 | Elf:1    | Found a huge runed translucent gate.
 36674 | Elf:1    | Found a huge runed translucent gate.
 36674 | Elf:1    | Found a huge runed translucent gate.
 36674 | Elf:1    | Found a huge runed translucent gate.
 36675 | Elf:1    | Found a huge runed translucent gate.
 36675 | Elf:1    | Found a huge runed translucent gate.
 36675 | Elf:1    | Found a huge runed translucent gate.
 36676 | Elf:1    | Found a huge runed translucent gate.
 36842 | Elf:1    | Identified the +0 robe of the Summoning Gods {rElec Int+3
                  | Dex+4}
 36889 | Elf:1    | Identified the +0 helmet of the Gardener {+Blink rC+ Regen+
                  | MP+9}
 36892 | Elf:1    | Gained mutation: You punish those that try to bend your
                  | will. (Will+) [demonic ancestry]
 36892 | Elf:1    | Reached XP level 18. HP: 148/148 MP: 22/22
 37147 | Elf:1    | Identified the +11 double sword "Viotoona" {freeze, rC+
                  | Str+2 Dex-5}
 37148 | Elf:1    | Identified the +7 double sword of Raut {venom, rN++}
 37801 | Elf:2    | Reached skill level 15 in Fighting
 37833 | Elf:2    | Found a runed translucent gate.
 37834 | Elf:2    | Found a runed translucent gate.
 37834 | Elf:2    | Found a runed translucent gate.
 37836 | Elf:2    | Identified the serpent talisman of the Doldrums {rElec rC++
                  | Will+ Int+2}
 37836 | Elf:2    | Noticed Aizul
 37941 | Elf:2    | Reached skill level 17 in Stealth
 38406 | Elf:3    | Entered Level 3 of the Elven Halls
 38428 | Elf:3    | Identified a scroll of acquirement
 38428 | Elf:3    | Acquired a manual of Spellcasting
 38453 | Elf:3    | Found Nyexaffa's Book Emporium.
 38469 | Elf:3    | Reached skill level 15 in Dodging
 39232 | Abyss:3  | Cast into level 3 of the Abyss (a deep elf sorcerer)
 39502 | Abyss:3  | Found a corrupted altar of Lugonu.
 39503 | Abyss:3  | Noticed a bone dragon
 39634 | Abyss:3  | Found a corrupted altar of Lugonu.
 39657 | Abyss:3  | Found a corrupted altar of Lugonu.
 39666 | Abyss:3  | Found a corrupted altar of Lugonu.
 39666 | Abyss:3  | Found a corrupted altar of Lugonu.
 39738 | Abyss:3  | Found a corrupted altar of Lugonu.
 39772 | Abyss:3  | Noticed a dread lich
 39792 | Abyss:4  | Found a corrupted altar of Lugonu.
 39834 | Elf:3    | Escaped the Abyss
 40325 | Elf:3    | Reached skill level 18 in Stealth
 40337 | Elf:3    | Identified the +5 battleaxe of the Everdark {flame, Fly
                  | rPois rN++ Will+}
 40433 | Elf:3    | Identified the staff of the Thing {rF+ rC++ Str+2 Fire}
 40444 | Elf:3    | Got the Discursus on Beguiling and Gusts
 40449 | Elf:3    | Got the Lessons on the Frore Sky
 40462 | Elf:3    | Identified the +1 whip of Reapportionment {speed, Fly rC+
                  | Int-2 Dex+3}
 40481 | Elf:3    | Identified the staff of Big Damage {rN+ Int+2 Summ Necro}
 40819 | Vaults:1 | Entered Level 1 of the Vaults
 40904 | Vaults:1 | Reached XP level 19. HP: 157/157 MP: 23/23
 41702 | Vaults:1 | Reached skill level 19 in Stealth
 41850 | Vaults:1 | Found Agocugikk's Book Emporium.
 42212 | Vaults:2 | Bought 5 curare-tipped darts for 84 gold pieces
 42214 | Vaults:2 | Bought 5 atropa-tipped darts for 85 gold pieces
 42308 | Vaults:2 | You fall into a shaft and drop 1 floor!
 42361 | Vaults:3 | Noticed Norris
 42387 | Vaults:3 | Killed Norris
 42426 | Vaults:3 | Noticed Mennas
 42973 | Vaults:3 | Noticed Xtahua
 43037 | Vaults:3 | Killed Xtahua
 43159 | Vaults:3 | Killed Mennas
 43160 | Vaults:3 | Reached XP level 20. HP: 36/167 MP: 24/24
 43177 | Vaults:3 | Reached skill level 20 in Stealth
 44574 | Vaults:3 | Found a staircase to the Crypt.
 45608 | Vaults:2 | Paralysed by a formless jellyfish for 1 turns
 45931 | Vaults:2 | Reached skill level 21 in Stealth
 46079 | Vaults:2 | Found the +8 longbow "Zephyr" {speed, Dex+3 SInv}
 46222 | Vaults:2 | Bought a scroll of summoning for 190 gold pieces
 46222 | Vaults:2 | Bought a scroll of fog for 80 gold pieces
 46222 | Vaults:2 | Bought a scroll of teleportation for 60 gold pieces
 46222 | Vaults:2 | Bought a scroll of teleportation for 60 gold pieces
 46222 | Vaults:2 | Bought a scroll of silence for 190 gold pieces
 46529 | Vaults:4 | Gained mutation: You are resistant to unholy torment.
                  | [demonic ancestry]
 46529 | Vaults:4 | Reached XP level 21. HP: 176/176 MP: 25/25
 46823 | Vaults:4 | Identified the blade talisman of Lies {rPois Will+}
 47118 | Vaults:4 | Noticed an ancient lich
 47124 | Vaults:4 | Killed an ancient lich
 47428 | Vaults:4 | Found Hustoweqy's Book Boutique.
 47649 | Vaults:4 | Reached skill level 15 in Short Blades
 48024 | Vaults:5 | Entered Level 5 of the Vaults
 48241 | Depths:1 | Entered Level 1 of the Depths
 48688 | Depths:1 | Found Miesel Jige's Self-Improvement Boutique.
 48716 | Depths:1 | Bought a manual of Hexes for 1120 gold pieces
 48775 | Depths:1 | Found a gateway to Hell.
 48997 | Depths:2 | Identified the amulet "Maupos" {Acrobat rN+ Regen+ rCorr}
 49222 | Depths:2 | Found a one-way gateway to a ziggurat.
 49230 | Depths:2 | Reached skill level 22 in Stealth
 49608 | Depths:2 | Found a one-way gate to the infinite horrors of the Abyss.
 49909 | Depths:2 | Found a one-way gate leading to the halls of Pandemonium.
 50769 | Depths:3 | Noticed the Enchantress
 50774 | Depths:3 | Killed the Enchantress
 50775 | Depths:3 | Reached XP level 22. HP: 185/185 MP: 26/26
 51611 | Depths:3 | Reached skill level 23 in Stealth
 51808 | Depths:3 | Identified the +1 chain mail "Ramo" {Rampage rPois rCorr
                  | Stlth-}
 51996 | Depths:3 | Identified the ring of Quejen {Ice rPois Will++ Str-3
                  | Dex+3}
 51996 | Depths:3 | Noticed Josephina
 52150 | Depths:3 | Killed Josephina
 52257 | Depths:3 | Reached skill level 1 in Shapeshifting
 52446 | Depths:4 | Entered Level 4 of the Depths
 52466 | Depths:4 | Noticed a caustic shrike
 52467 | Depths:4 | Noticed a caustic shrike
 52467 | Depths:4 | Noticed a caustic shrike
 52468 | Depths:4 | Killed a caustic shrike
 52469 | Depths:4 | Noticed a caustic shrike
 52474 | Depths:4 | Killed a caustic shrike
 52487 | Depths:4 | Killed a caustic shrike
 52506 | Depths:4 | Killed a caustic shrike
 52898 | Depths:4 | Identified the +4 whip of the Pure Tales {holy, rElec Will-
                  | rCorr Stlth+}
 52937 | Depths:4 | Reached skill level 5 in Shapeshifting
 53052 | Depths:4 | Noticed a golden dragon
 53065 | Depths:4 | Killed a golden dragon
 53488 | Depths:4 | Found Qaucudun's Antique Weapon Boutique.
 53490 | Depths:4 | Found Teotom's Book Boutique.
 53563 | Depths:4 | Found a bloodstained altar of Trog.
 54090 | Depths:4 | Found a gate to the Realm of Zot.
 54249 | Depths:4 | Found a transporter.
 54251 | Depths:4 | Noticed Echeifod's ghost (adept DECj)
 54318 | Depths:4 | Found a transporter.
 54318 | Depths:4 | Identified the +7 great mace of an ice cave {heavy, rC+
                  | Str+3}
 54927 | Vaults:4 | Reached XP level 23. HP: 88/192 MP: 27/27
 55846 | Vaults:5 | Bought 4 darts of dispersal for 68 gold pieces
 56344 | Vaults:4 | Reached skill level 10 in Shapeshifting
 56899 | Vaults:5 | Identified the +1 orcbow of Xixiduan {speed, rElec rC-
                  | Will+ rCorr Str+2}
 57013 | Vaults:5 | Found Cuexzaong's Distillery.
 57019 | Vaults:5 | Bought a potion of lignification for 42 gold pieces
 57019 | Vaults:5 | Bought a potion of curing for 42 gold pieces
 57019 | Vaults:5 | Bought a potion of lignification for 42 gold pieces
 57019 | Vaults:5 | Bought a potion of curing for 42 gold pieces
 57019 | Vaults:5 | Bought a potion of curing for 42 gold pieces
 57019 | Vaults:5 | Bought a potion of lignification for 42 gold pieces
 57034 | Vaults:5 | Noticed Bai Suzhen
 57055 | Vaults:5 | Killed Bai Suzhen
 57704 | Vaults:5 | Identified the +11 quarterstaff of Yrchy {venom, Str+2}
 57798 | Vaults:5 | Got a silver rune of Zot
 57808 | Vaults:5 | Identified the ring "Qargh" {EV+5 SInv}
 58503 | Vaults:5 | Found Fucwy's Magic Scroll Boutique.
 58509 | Vaults:5 | Bought a scroll of fear for 44 gold pieces
 58509 | Vaults:5 | Bought a scroll of teleportation for 33 gold pieces
 58509 | Vaults:5 | Bought a scroll of blinking for 82 gold pieces
 58509 | Vaults:5 | Bought a scroll of summoning for 104 gold pieces
 58509 | Vaults:5 | Bought a scroll of teleportation for 33 gold pieces
 58509 | Vaults:5 | Bought a scroll of teleportation for 33 gold pieces
 58524 | Vaults:5 | Found Wanwineu's Magic Scroll Shoppe.
 58537 | Vaults:5 | Bought a scroll of fog for 68 gold pieces
 58537 | Vaults:5 | Bought a scroll of teleportation for 51 gold pieces
 58537 | Vaults:5 | Bought a scroll of fog for 68 gold pieces
 58537 | Vaults:5 | Bought a scroll of fear for 68 gold pieces
 58754 | Vaults:5 | Identified the +1 short sword of Judgement {venom, rElec
                  | rF- rN++ rCorr}
 58840 | Vaults:5 | Bought a scroll of enchant armour for 127 gold pieces
 58840 | Vaults:5 | Bought a scroll of enchant weapon for 127 gold pieces
 58852 | Vaults:5 | Bought a scroll of enchant armour for 82 gold pieces
 59250 | Zot:1    | Entered Level 1 of the Realm of Zot
 59356 | Zot:1    | HP: 6/192 [green draconian/+0 long sword (9)]
 59356 | Zot:1    | Slain by a green draconian monk

Illustrated notes

Levels and vault maps discovered:
D:1:      dpeg_arrival_line_fractal, layout_loops_ring, basic_ecumenical_altar,
          serial_shops, shop_coins
D:2:      layout_loops_cross, nrook_mini_vaults
D:3:      layout_loops_corners, mainiacjoe_overflow_paths,
          mainiacjoe_overflow_six_doors_small, mainiacjoe_overflow_24_doors,
          serial_shops, nicolae_shop_tiny_real_fake_doors,
          minmay_splitting_lines, kennysheep_generic_room_13
D:4:      layout_layer_cave, nicolae_overflow_crystal_walls,
          minmay_temple_entry_ruins, kennysheep_generic_room_11, uniq_natasha
D:5:      layout_loops_cross, serial_shops, shop
D:6:      layout_basic, makhleb_heckhound_becter, nemelex_spade_bored_becter,
          nicolae_the_louvre
D:7:      layout_gridville, mainiacjoe_overflow_small_starburst,
          lemuel_doored_altar, mainiacjoe_overflow_cross_hatched, st_stairs_2,
          hangedman_decor_riveting, nrook_pool_corridor
D:8:      layout_basic, okawaru_gym_becter,
          nzn_overflow_gifts_of_might_and_magic, uniq_pikel
D:9:      layout_grid_maze
D:10:     layout_basic, grunt_qazlal_sundering, lair_entry_dummy, serial_shops,
          kennysheep_little_box, gammafunk_ghost_berserking_beasts
D:11:     layout_loops_corners
D:12:     layout_loops_ring, david_orc_1_choice,
          portal_ice_cave_entry_pillars_2, st_stairs_5, minmay_fractal_squares_5
D:13:     layout_cave_pools, david_vaults_1
D:14:     layout_cave_pools, fedhas_altar_3, nicolae_shop_clearance
D:15:     grunt_enter_depths_hoard, layout_layer_cave, tso_metal_star
Lair:1:   layout_regular_city, serial_bayou_shore_a
Lair:2:   layout_regular_city, grunt_forest_large_clearing_hut
Lair:3:   layout_chaotic_city, nicolae_swamp_entry_spooky,
          nicolae_spider_entry_orb_guardian, nicolae_lair_grazing_beasts
          [nicolae_sub_lair_graze_edge, nicolae_sub_lair_graze_edge,
          nicolae_sub_lair_graze_edge, nicolae_sub_lair_graze_edge]
Lair:4:   layout_regular_city, slime_entry_1, infiniplex_staircase_pool_2,
          lemuel_fruit_fields
Lair:5:   hangedman_lair_tendril_chambers, layout_misc_corridors, wormcave
Swamp:1:  layout_falls_marsh, evilmike_swamp_ruin_house_1
Swamp:2:  layout_falls_marsh, ebering_ghost_funeral_grove,
          nicolae_swamp_reclaimed_castle
Swamp:3:  layout_basic_swamp, hangedman_swamp_ruin_wall, swamp_pool_1_2,
          nicolae_swamp_decorative_isthmus
Swamp:4:  swamp, layout_basic_swamp, swamp_pool_1_2,
          nicolae_swamp_necromancy_gone_wrong
Spider:1: layout_spider_delve, uniq_donald
Spider:2: layout_spider_delve, uniq_mlioglotl
Spider:3: layout_spider_delve, hangedman_spider_tarantella_strand
Spider:4: grunt_spider_rune_circles, nicolae_spider_not_touching_you
Orc:1:    layout_diamond_mine, gammafunk_ghost_necromancy, basic_altar,
          bh_open_orc_temple
Orc:2:    grunt_orc_cross, layout_caves, ebering_ghost_rock_garden
Elf:1:    minmay_elf_arrival_plus, layout_geoelf_diagonals, serial_sigils,
          serial_sigils_hangedman_etch, serial_sigils_hangedman_quiver,
          serial_sigils_hangedman_leer, serial_sigils_hangedman_scar,
          serial_sigils_hangedman_quiver, serial_sigils_hangedman_writhe,
          nicolae_elf_double_double_double_trouble
Elf:2:    nicolae_elf_blades_crystal_corner, layout_loops_corners, uniq_aizul
Elf:3:    minmay_elf_hall_dome, layout_gridlike, serial_shops, shop
Vaults:1: nicolae_vaults_angled_halls, v_misc_28, nicolae_vaults_theta,
          hangedman_vaults_slither, vaults_room_grunt_arrival_ludios, v_misc_4,
          grunt_vaults_twisty, nicolae_vaults_holding_cells,
          nicolae_vaults_network_barrier, nicolae_vaults_tangram_2,
          nicolae_vaults_oval_intersection, nicolae_vaults_two_Ls,
          vaults_room_ringed_pool, nicolae_vaults_house_1,
          vaults_room_large_hall, layout_vaults_omnibox, serial_shops, shop
Vaults:2: nicolae_vaults_more_shelving_2, hangedman_vaults_snaps,
          nicolae_vaults_storage_closets_3, nicolae_vaults_quartermaster,
          nicolae_vaults_yaktaur_gun_rack, nicolae_vaults_variable_pillar_hall,
          hangedman_vaults_capsules, nicolae_vaults_bisected_slash,
          dpeg_vaults_monster_row, v_misc_15, ontoclasm_vaults_hangar,
          vaults_room_fancy_cross, layout_vaults_ring, serial_shops,
          bzr_entry_dummy
Vaults:3: nicolae_vaults_little_squares_3, nicolae_vaults_doubleplus_tesselated,
          vaults_dpeg_encased_lava, minmay_crypt_entry_simple_statues,
          nicolae_vaults_network_quinsquares
          [nicolae_vaults_network_quincunx_subvault,
          nicolae_vaults_network_quincunx_subvault,
          nicolae_vaults_network_quincunx_subvault,
          nicolae_vaults_network_quincunx_subvault], nicolae_vaults_spaceships,
          nicolae_vaults_border_crossing, hangedman_vaults_slice, v_misc_2,
          layout_vaults_big_room, uniq_norris, uniq_mennas, uniq_xtahua
Vaults:4: vaults_room_fours, nicolae_vaults_you_can_take_it_with_you,
          nicolae_vaults_three_branches, nicolae_vaults_ellipses_ellipsis,
          nicolae_vaults_trapezoid_4, nicolae_vaults_tangram_2,
          nicolae_vaults_turnstiles, layout_vaults_quadrants, serial_shops,
          nicolae_lakefront_shop
Vaults:5: uniq_bai_suzhen
Depths:1: layout_cave_shapes, grunt_hell_entry_dis_old, skrybe_limestone_x,
          nicolae_shop_self_help
Depths:2: hangedman_elemental_death_ray, layout_gridlike, enter_ziggurat_a,
          abyss_entry, pf_coc_iceberg, pan_entry, corexii_hall_statues_s,
          drop_trap, infiniplex_staircase_zigzag_3
Depths:3: hellmonk_hyper_hexagons [hex_subvault_angles, hex_subvault_two_sheets,
          hex_subvault_double_channel, hex_subvault_bowtie, hex_subvault_rooms,
          hex_subvault_rooms_two], hell_entry, abyss_entry, uniq_josephina
Depths:4: evilmike_zot_entry_hall, layout_honeycomb, gammafunk_ghost_smash,
          nicolae_kite_square_tiling_tiny, grunt_pan_entry_zigzag, hell_entry,
          minmay_misc_feat_diagonals, bloody_trog, minmay_shop_star
Zot:1:    layout_onion_interference, hangedman_zot_diagonal_lockstep

Skill      XL: |  1  2  3  4  5  6  7  8  9 10 11 12 13 14 15 16 17 18 19 20 21 22 23 |
---------------+----------------------------------------------------------------------+-----
Shields        | 4 5 9 10 | 10.0
Short Blades   | 1 2 3 4 6 8 9 10 11 12 13 14 15 | 15.4
Fighting       | 1 2 3 4 6 7 9 11 12 13 14 15 16 17 18 | 18.6
Conjurations   | 1 |  1.2
Stealth        | 1 2 3 5 6 7 9 11 13 14 16 18 19 21 22 23 | 23.3
Dodging        | 2 4 5 6 8 9 11 12 13 14 15 16 17 18 19 | 19.0
Evocations     | 2 3 5 7 |  7.3
Throwing       | 2 3 |  3.0
Hexes          | 2 |  2.0
Translocations | 2 |  2.0
Spellcasting   | 3 |  3.0
Shapeshifting  | 8 13 | 13.4
Armour         | |  1.0
Fire Magic     | |  1.6

Action                     |  1- 3 |  4- 6 |  7- 9 | 10-12 | 13-15 | 16-18 | 19-21 | 22-24 || total
---------------------------+-------+-------+-------+-------+-------+-------+-------+-------++-------
  Melee: Dagger            |   106 |   134 |   288 |   709 |  1758 |       |       |       ||  2995
         Tailslap          |     7 |    23 |    32 |   150 |   412 |   284 |   359 |   243 ||  1510
         Headbutt          |       |       |       |       |   368 |   396 |   505 |   334 ||  1603
         Rapier            |       |       |       |       |    32 |  1347 |  1459 |   927 ||  3765
  Throw: Dart              |       |       |       |    14 |     2 |       |       |       ||    16
         Javelin           |       |       |       |     1 |       |       |       |     2 ||     3
   Cast: Foxfire           |    27 |     3 |       |       |       |       |       |       ||    30
 Invoke: Call Merchant     |       |       |       |     1 |     1 |     1 |     3 |     1 ||     7
  Evoke: Wand              |       |       |     2 |    10 |       |       |     3 |     1 ||    16
    Use: Scroll            |       |       |    11 |     5 |    22 |     6 |     2 |     9 ||    55
         Potion            |       |       |     3 |     1 |    10 |     5 |    11 |     6 ||    36
   Stab: Sleeping          |     2 |     3 |    10 |    20 |    63 |   134 |   109 |    76 ||   417
         Distracted        |       |       |     1 |     5 |    19 |    29 |    31 |    26 ||   111
         Confused          |       |       |       |       |    13 |       |       |       ||    13
         Petrifying        |       |       |       |       |     3 |     1 |       |       ||     4
         Held in net/web   |       |       |       |       |     1 |       |       |       ||     1
         Paralysed         |       |       |       |       |     1 |       |       |       ||     1
         Invisible         |       |       |       |       |     2 |     2 |       |       ||     4
 Armour: Robe              |    49 |    36 |    90 |   178 |   345 |   379 |   325 |   327 ||  1729
  Dodge: Dodged            |    43 |    38 |    92 |   241 |   478 |   643 |   557 |   487 ||  2579
  Block: Buckler           |    32 |    57 |   142 |   316 |   840 |   280 |       |       ||  1667
         Kite shield       |       |       |       |       |       |   866 |  1270 |   808 ||  2944

Table legend: (Time is in decaauts)
 A = Elapsed time spent in this place.
 B = Non-inter-level travel time spent in this place.
 C = Inter-level travel time spent in this place.
 D = Time resting spent in this place.
 E = Time spent auto-exploring this place.
 F = Levels seen in this place.
 G = Mean time per level.
                   A        B        C        D        E       F      G
               +--------+--------+--------+--------+--------+-----+--------+
         Total |  57224 |  51715 |   5509 |   8515 |  31226 |  46 | 1244.0 |
       Dungeon |  16294 |  13419 |   2875 |    723 |  10600 |  15 | 1086.3 |
          Lair |   7959 |   7235 |    724 |   1389 |   4194 |   5 | 1591.8 |
         Swamp |   3374 |   3231 |    143 |    213 |   2140 |   4 |  843.5 |
   Spider Nest |   4325 |   4090 |    235 |    660 |   2428 |   4 | 1081.2 |
  Orcish Mines |   2304 |   1985 |    319 |    218 |   1044 |   2 | 1152.0 |
   Elven Halls |   3848 |   3679 |    169 |    681 |   2095 |   3 | 1282.7 |
        Vaults |  10930 |  10396 |    534 |   2905 |   4923 |   5 | 2186.0 |
        Depths |   6388 |   5881 |    507 |   1035 |   3484 |   4 | 1597.0 |
           Zot |     88 |     88 |      0 |      0 |     21 |   1 |   88.0 |
         Abyss |    585 |    585 |      0 |     63 |    102 |   2 |  292.5 |
      Ice Cave |   1121 |   1121 |      0 |    628 |    193 |   1 | 1121.0 |
               +--------+--------+--------+--------+--------+-----+--------+

Top non-repeatable levels by time:
Vaults:4: 3441 daAuts
  Lair:5: 2936 daAuts
Vaults:3: 2556 daAuts
     D:4: 2442 daAuts
Depths:4: 2208 daAuts
Depths:3: 2161 daAuts
Vaults:5: 2133 daAuts
  Lair:3: 1814 daAuts
Spider:4: 1595 daAuts
   Elf:3: 1591 daAuts
Vaults:2: 1411 daAuts
Vaults:1: 1387 daAuts
    D:12: 1386 daAuts
   Elf:1: 1381 daAuts
    D:11: 1314 daAuts
